[Event "*** Titled Tuesday Blitz"]
[Site "Chess.com"]
[Date "2021.04.27"]
[Round "2"]
[White "Beca95"]
[Black "pastouche06"]
[Result "1-0"]
[WhiteElo "2855"]
[BlackElo "2567"]
[TimeControl "180+1"]
[EndTime "10:16:10 PDT"]
[Termination "Beca95 won by resignation"]

1. d4 d5 2. c4 e6 3. Nf3 Nf6 4.
Bg5 dxc4 5. e4 Bb4+ 6. Nc3 c5 7. e5 cxd4 8. Nxd4 Bxc3+ 9. bxc3 Qa5 10. exf6 Qxg5 11.
fxg7 Qxg7 12. Qd2 O-O 13. Bxc4 b6 14. h4 Bb7 15. Rh3 Kh8 16. Rg3 Qe5+ 17. Kf1 Nc6 18. Nf3 Qf6 19. Re1 Rad8 20. Qc2 Ne7 21. Bd3 Rg8 22.
Ng5 Ng6 23. Qe2 Nf4 24. Qe5 1-0

[Event "*** Titled Tuesday Blitz"]
[Site "Chess.com"]
[Date "2021.04.27"]
[Round "2"]
[White "martinique24"]
[Black "Lyschko"]
[Result "0-1"]
[WhiteElo "2429"]
[BlackElo "2265"]
[TimeControl "180+1"]
[EndTime "10:16:10 PDT"]
[Termination "Lyschko won by resignation"]

1. e4 Nf6 2. e5 Nd5 3. d4 d6 4. c4 Nb6 5. exd6 cxd6 6. Nc3 g6 7.
Be3 Bg7 8. b3 O-O 9. Rc1 Bf5 10.
g4 Bd7 11. Bd3 e5 12. d5 Na6 13. h4 Nc5 14. Bb1 e4 15. g5 Bf5 16. Bd4 Nd3+ 17. Bxd3 exd3 18. Bxg7 Kxg7 19. Nf3 Re8+ 20. Kf1 Qe7 21.
Nd4 Qe5 22. Nxf5+ Qxf5 23. Kg2 Nd7 24. Qf3 Qxf3+ 25. Kxf3 Ne5+ 26. Kg2 Re7 27. Rcd1 Rae8 28. Nb5 Ng4 29. Nxd6 Rd8 30. c5 Re2 31. Kf3 Nxf2 32. Rh2 Nxd1 33. Rxe2 dxe2 34. Kxe2 Nc3+ 35. Kd2 Nxd5 0-1

[Event "*** Titled Tuesday Blitz"]
[Site "Chess.com"]
[Date "2021.04.27"]
[Round "2"]
[White "KyrgyzFighter"]
[Black "ajedrez1101"]
[Result "1-0"]
[WhiteElo "2410"]
[BlackElo "2155"]
[TimeControl "180+1"]
[EndTime "10:16:12 PDT"]
[Termination "KyrgyzFighter won by resignation"]

1. c4 g6 2. Nc3 Bg7 3. d4 c5 4. d5 Bxc3+ 5. bxc3 f5 6. e4 fxe4 7. f3 Nf6 8. fxe4 d6 9. Nf3 Qa5 10. Bd2 Nxe4 11. Bd3 Nf6 12. O-O O-O 13. Bh6 Rf7 14. Qc2 Ng4 15. Bxg6 Nxh6 16. Bxf7+ Nxf7 17. Nh4 Nd7 18. Nf5 Nde5 19. Nxe7+ Kh8 20. Qf2 h6 21. Qf6+ Kh7 22. Nxc8 Rxc8 23. Qf5+ 1-0

[Event "*** Titled Tuesday Blitz"]
[Site "Chess.com"]
[Date "2021.04.27"]
[Round "2"]
[White "Iskusnyh"]
[Black "Konavets"]
[Result "0-1"]
[WhiteElo "2598"]
[BlackElo "2940"]
[TimeControl "180+1"]
[EndTime "10:16:20 PDT"]
[Termination "Konavets won by resignation"]

1. d4 Nf6 2. c4 e5 3. dxe5 Ng4 4. e3 Nxe5 5. Nh3 g5 6. f4 gxf4 7. exf4 Ng6 8. Qe2+ Qe7 9. Nc3 Bg7 10. Nd5 Qxe2+ 11.
Bxe2 Na6 12. Kf2 c6 13. Nc3 d6 14. Be3 O-O 15. Rad1 Re8 16. Rxd6 Nh4 17. g4 h5 18. Rg1 hxg4 19. Bxg4 Bxg4 20. Rxg4 Nf5 21. Rd3 Nb4 22. Rd7 Nxe3 23. Rg5 Rad8 24. Rxb7 Nd3+ 25. Kf3 Nxc4 26. Ne4 Ne1+ 0-1

[Event "*** Titled Tuesday Blitz"]
[Site "Chess.com"]
[Date "2021.04.27"]
[Round "2"]
[White "campomania3"]
[Black "aa175"]
[Result "0-1"]
[WhiteElo "2217"]
[BlackElo "2439"]
[TimeControl "180+1"]
[EndTime "10:16:26 PDT"]
[Termination "aa175 won by resignation"]

1. d4 e5 2. dxe5 Nc6 3. Nf3 Qe7 4. Nc3 Nxe5 5. Nd5 Nxf3+ 6. gxf3 Qd8 7. Bg5 Qxg5 8. Nxc7+ Kd8 9. Nxa8 Qe5 10. c3 Qb8 11. Qd5 Nf6 12. Qxf7 Bc5 13. Qxg7 Rf8 14. e4 Qf4 15.
Qg3 Bxf2+ 16. Qxf2 Nxe4 17. Qc2 Qxf3 18. Rg1 Qe3+ 0-1

[Event "*** Titled Tuesday Blitz"]
[Site "Chess.com"]
[Date "2021.04.27"]
[Round "2"]
[White "mamonika"]
[Black "Smile2005"]
[Result "0-1"]
[WhiteElo "2041"]
[BlackElo "2363"]
[TimeControl "180+1"]
[EndTime "10:16:26 PDT"]
[Termination "Smile2005 won on time"]

1. e4 c5 2. Nf3 Nc6 3. d4 cxd4 4. Nxd4 Nf6 5. Nc3 d6 6. Be2 g6 7. O-O Bg7 8. Nb3 O-O 9. Bg5 h6 10. Bh4 Bd7 11. Re1 Rc8 12. Bf1 Ne5 13. Nd5 g5 14.
Bg3 Nxd5 15. exd5 Qb6 16. Qd2 Ng6 17. c3 a5 18. Bd3 Bf6 19. Bxg6 fxg6 20. Rad1 Bg4 21.
Rc1 a4 22. Na1 Bf5 23. b3 h5 24. h3 Rc7 25. c4 Qc5 26. b4 Qd4 27. Qxd4 Bxd4 28.
a3 Rfc8 29. Rcd1 Bf6 0-1

[Event "*** Titled Tuesday Blitz"]
[Site "Chess.com"]
[Date "2021.04.27"]
[Round "2"]
[White "AlexTriapishko"]
[Black "AlexPapasimakopoulos"]
[Result "1-0"]
[WhiteElo "2861"]
[BlackElo "2572"]
[TimeControl "180+1"]
[EndTime "10:16:31 PDT"]
[Termination "AlexTriapishko won by resignation"]

1. e4 e6 2. d4 d5 3. Nc3 Bb4 4. e5 b6 5. a3 Bf8 6. f4 Nh6 7. Nf3 Be7 8. Bd3 Ba6 9. O-O Bxd3 10. Qxd3 c5 11. Ne2 Nc6 12. c3 Nf5 13. g4 Nh4 14. Nxh4 Bxh4 15. f5 c4 16. Qh3 Bg5 17. fxe6 O-O 18. exf7+ Kh8 19. e6 Bxc1 20. Raxc1 Qg5 21.
Rf5 Qd2 22. Rh5 h6 23. g5 Qd3 24. gxh6 g6 25. Nf4 Qxh3 26. Nxg6+ Kh7 27. Nxf8+ Rxf8 28. Rxh3 Kg6 29. h7 Ne7 30. h8=Q 1-0

[Event "*** Titled Tuesday Blitz"]
[Site "Chess.com"]
[Date "2021.04.27"]
[Round "2"]
[White "Kostukov_Alex"]
[Black "Kildepiotr"]
[Result "0-1"]
[WhiteElo "2306"]
[BlackElo "2648"]
[TimeControl "180+1"]
[EndTime "10:16:32 PDT"]
[Termination "Kildepiotr won by resignation"]

1. g3 Nf6 2. Bg2 d5 3. d3 g6 4. e4 dxe4 5. dxe4 Nbd7 6. f3 Bg7 7. Be3 O-O 8. c3 e5 9. Nd2 Qe7 10. Nh3 b6 11. O-O a5 12. Nf2 Ba6 13. Re1 Rad8 14.
Qc2 Nc5 15. Rad1 Nd3 16. Nxd3 Bxd3 17. Qc1 Nd7 18. Nb3 Bc4 19. Bf1 Qe6 20. Qc2 a4 21. Bxc4 Qxc4 22. Nd2 Qc6 23. b4 f5 24. c4 f4 25. Bf2 fxg3 26. hxg3 Bh6 27. b5 Qf6 28. Kg2 Bxd2 29. Rxd2 Qxf3+ 30. Kg1 Nf6 31. Re3 Qh5 32. Rxd8 Rxd8 33. Rd3 Rf8 34. Rf3 Qxf3 0-1

[Event "*** Titled Tuesday Blitz"]
[Site "Chess.com"]
[Date "2021.04.27"]
[Round "2"]
[White "kallerotmg"]
[Black "Sjakkerntobi"]
[Result "0-1"]
[WhiteElo "2083"]
[BlackElo "2377"]
[TimeControl "180+1"]
[EndTime "10:16:32 PDT"]
[Termination "Sjakkerntobi won by resignation"]

1. d4 e6 2. Nf3 Nf6 3. c4 c5 4. d5 exd5 5. cxd5 d6 6. Nc3 g6 7. Nd2 Bg7 8. e4 O-O 9. Be2 Re8 10. O-O Nbd7 11. f3 Ne5 12. Qc2 g5 13. Rb1 h6 14.
b4 cxb4 15. Rxb4 Qc7 16. Bb2 Qc5+ 17. Kh1 Qxb4 18. Ba1 Qc5 19. Nb3 Qc7 20. Rc1 Bd7 21. Qd2 Rac8 22. Nb5 Qb8 23. N5d4 Rxc1+ 24. Nxc1 Rc8 25.
g3 Qc7 26. Ncb3 Ng6 27. Kg2 0-1

[Event "*** Titled Tuesday Blitz"]
[Site "Chess.com"]
[Date "2021.04.27"]
[Round "2"]
[White "chessmadara"]
[Black "jens1102"]
[Result "0-1"]
[WhiteElo "2145"]
[BlackElo "2407"]
[TimeControl "180+1"]
[EndTime "10:16:33 PDT"]
[Termination "jens1102 won on time"]

1. c4 e6 2. Nc3 d5 3. cxd5 exd5 4. d4 Nf6 5. Bg5 c6 6. e3 Bd6 7. Nf3 Nbd7 8. Bd3 Nf8 9. Qc2 Ne6 10. Bh4 g6 11. O-O O-O 12. Ne5 Ng7 13. a3 Bf5 14. b4 Bxd3 15. Qxd3 Nf5 16. Bxf6 Qxf6 17. Nd7 Qh4 18.
g3 Qh3 19. Qe2 Nxd4 20. Nf6+ Kg7 21. exd4 Kxf6 22. b5 Rfe8 23. Qf3+ Qf5 24. Qxf5+ Kxf5 25. bxc6 bxc6 26. Rfc1 Rac8 27. Na4 Re2 28. Kf1 Rd2 29.
Nc3 Re8 30. Rd1 Rxd1+ 31. Rxd1 Bxa3 32. Ne2 Bb4 0-1

[Event "*** Titled Tuesday Blitz"]
[Site "Chess.com"]
[Date "2021.04.27"]
[Round "2"]
[White "lacafi"]
[Black "thebulldog1"]
[Result "0-1"]
[WhiteElo "2180"]
[BlackElo "2416"]
[TimeControl "180+1"]
[EndTime "10:16:34 PDT"]
[Termination "thebulldog1 won by resignation"]

1. d4 Nf6 2. Nf3 g6 3. c4 Bg7 4. Nc3 O-O 5. e4 d6 6. Be2 Bg4 7. O-O Nfd7 8. h3 Bxf3 9. Bxf3 c5 10. Be3 Nc6 11. d5 Nd4 12. Bxd4 cxd4 13. Ne2 Rc8 14. Nxd4 Rxc4 15. Nb3 Bxb2 16. Qe2 Bxa1 17. Qxc4 Bg7 18. Rc1 Ne5 19. Qc7 Nd3 20. Qxd8 Rxd8 21. Rc7 a5 22. Nxa5 Bd4 23. Nxb7 Re8 24. Na5 Bb6 25. Rc3 Nxf2 26. Nc4 Nd1+ 0-1

[Event "*** Titled Tuesday Blitz"]
[Site "Chess.com"]
[Date "2021.04.27"]
[Round "2"]
[White "mishanick"]
[Black "Nozdrachev_Leonid"]
[Result "1-0"]
[WhiteElo "3014"]
[BlackElo "2609"]
[TimeControl "180+1"]
[EndTime "10:16:36 PDT"]
[Termination "mishanick won on time"]

1. e4 c6 2. Nf3 d5 3. Nc3 dxe4 4. Nxe4 Nf6 5. Qe2 Nxe4 6. Qxe4 Qd5 7. Qh4 Bf5 8. Bc4 Qd6 9. d3 e6 10. Bf4 Qb4+ 11.
c3 Qxb2 12. O-O Qxc3 13. Rab1 Be7 14. Qg3 Nd7 15. Rxb7 Rd8 16. Ne5 g5 17. Bxg5 Qxe5 18.
Qxe5 Nxe5 19. Rxe7+ Kf8 20. Rxa7 Nxc4 21. Bxd8 Nd6 22.
Bf6 Rg8 23. Ra8+ Ne8 24. Rb1 Bxd3 25. Rbb8 1-0

[Event "*** Titled Tuesday Blitz"]
[Site "Chess.com"]
[Date "2021.04.27"]
[Round "2"]
[White "Ind1anStar"]
[Black "frederiksvane"]
[Result "0-1"]
[WhiteElo "2519"]
[BlackElo "2737"]
[TimeControl "180+1"]
[EndTime "10:16:36 PDT"]
[Termination "frederiksvane won by resignation"]

1. c4 c5 2. Nf3 Nc6 3. Nc3 g6 4. g3 Bg7 5. Bg2 d6 6. O-O Bf5 7. d3 Qd7 8. Nd5 Nf6 9. e4 Bg4 10. h3 Bxh3 11. Bxh3 Qxh3 12. Nc7+ Kf8 13. Nxa8 Ng4 14.
Re1 h5 15. Be3 h4 16. Nxh4 Nce5 17. Bg5 0-1

[Event "*** Titled Tuesday Blitz"]
[Site "Chess.com"]
[Date "2021.04.27"]
[Round "2"]
[White "KetiGrant"]
[Black "jamalm2"]
[Result "1-0"]
[WhiteElo "2360"]
[BlackElo "2019"]
[TimeControl "180+1"]
[EndTime "10:16:36 PDT"]
[Termination "KetiGrant won by resignation"]

1. e4 c5 2. Nf3 d6 3. Bb5+ Nc6 4. c3 Bd7 5. O-O Nf6 6. Re1 e5 7. d4 cxd4 8. cxd4 Nxd4 9. Bxd7+ Qxd7 10. Nxd4 exd4 11.
Qxd4 Be7 12. Nc3 O-O 13. Bf4 a6 14. Rad1 Rfd8 15. a4 Qc7 16. h3 h6 17. Rc1 Qa5 18. b4 Qh5 19. Re3 Nd7 20. Nd5 Bf6 21. Nxf6+ Nxf6 22. Rg3 Qh4 23. Qe3 Re8 24. Bxh6 g6 25. Bg5 Qxe4 26. Bxf6 Qxb4 27. Qh6 Re1+ 28. Rxe1 Qxe1+ 29. Kh2 1-0

[Event "*** Titled Tuesday Blitz"]
[Site "Chess.com"]
[Date "2021.04.27"]
[Round "2"]
[White "SargissyanSargis"]
[Black "AthanasiusLefebvre"]
[Result "1/2-1/2"]
[WhiteElo "2367"]
[BlackElo "2076"]
[TimeControl "180+1"]
[EndTime "10:16:37 PDT"]
[Termination "Game drawn by repetition"]

1. e4 c5 2. Nc3 e6 3. Nf3 Nc6 4. d4 cxd4 5. Nxd4 a6 6. Be3 Qc7 7. Be2 Nf6 8. O-O b5 9. a3 Bb7 10. Nxc6 Bxc6 11. Bf3 Bd6 12. h3 Be5 13. Bd4 O-O 14. Re1 Rac8 15. Qd2 Rfd8 16. Rad1 Bb7 17.
Qe3 Bf4 18. Qe2 Bh2+ 19. Kh1 Be5 20. Qe3 Bf4 21. Qe2 Be5 22. Qe3 Bf4 23. Qd3 Be5 24.
Qe3 1/2-1/2

[Event "*** Titled Tuesday Blitz"]
[Site "Chess.com"]
[Date "2021.04.27"]
[Round "2"]
[White "Arystanner"]
[Black "Omk124"]
[Result "1-0"]
[WhiteElo "2825"]
[BlackElo "2555"]
[TimeControl "180+1"]
[EndTime "10:16:40 PDT"]
[Termination "Arystanner won by resignation"]

1. e4 g6 2. d4 Bg7 3. Nf3 d6 4. c3 Nf6 5. Bd3 O-O 6. O-O Nbd7 7. Nbd2 e6 8. Re1 c5 9. Nf1 Qc7 10. Ng3 b6 11. h3 Bb7 12. Be3 Rac8 13. Qd2 Rfe8 14. Bh6 Bh8 15. Rad1 e5 16. dxe5 Nxe5 17. Nxe5 dxe5 18. Bc4 Rcd8 19. Qc2 Bg7 20. Bg5 h6 21.
Be3 Bf8 22. a4 Bc6 23. f3 Kg7 24. h4 Be7 25. h5 g5 26. Nf5+ Kh7 27. Bxf7 Rxd1 28.
Rxd1 Rd8 29. Bg6+ Kh8 30. Nxh6 Rxd1+ 31. Qxd1 Bd7 32. Bxg5 1-0

[Event "*** Titled Tuesday Blitz"]
[Site "Chess.com"]
[Date "2021.04.27"]
[Round "2"]
[White "gmcorrales"]
[Black "AsaHoffmann"]
[Result "1-0"]
[WhiteElo "2860"]
[BlackElo "2339"]
[TimeControl "180+1"]
[EndTime "10:16:42 PDT"]
[Termination "gmcorrales won by resignation"]

1. e4 d6 2. d4 Nf6 3. Nc3 c6 4. f4 Qa5 5. Bd2 e5 6. Nd5 Qd8 7. Nxf6+ Qxf6 8. dxe5 dxe5 9. Nf3 Nd7 10. Bc4 Bc5 11.
Qe2 O-O 12. O-O-O exf4 13. e5 Qh6 14. g3 Be3 15. gxf4 Bxd2+ 16. Qxd2 Nb6 17. Be2 Bg4 18.
Ng5 Rad8 19. Qxd8 Bxe2 20. Rd2 Nc4 21. Rd4 g6 22. Qf6 Qh4 23. Rd8 Qh6 24. Qxf7+ 1-0

[Event "*** Titled Tuesday Blitz"]
[Site "Chess.com"]
[Date "2021.04.27"]
[Round "2"]
[White "Kretov_Evgenij"]
[Black "SergioGarciaFuentes"]
[Result "1-0"]
[WhiteElo "2645"]
[BlackElo "2344"]
[TimeControl "180+1"]
[EndTime "10:16:43 PDT"]
[Termination "Kretov_Evgenij won on time"]

1. d4 d5 2. c4 c6 3. Nc3 Nf6 4. e3 e6 5. Nf3 Nbd7 6. Bd3 Bd6 7. e4 dxe4 8. Nxe4 Nxe4 9. Bxe4 Nf6 10. Bc2 c5 11.
O-O O-O 12. Bg5 Be7 13. Qd3 g6 14. Rad1 cxd4 15. Nxd4 e5 16. Nb5 Be6 17. Qc3 Qc8 18.
Nd6 Qc7 19. Qxe5 Nd7 20. Qg3 Bxg5 21. Qxg5 Bxc4 22. Nxc4 Qxc4 23. Bb3 Qc7 24. Qe7 Rad8 25. Rc1 Qe5 26. Bxf7+ Kh8 27. Qxe5+ Nxe5 28. Bb3 Rd2 29. Rc2 1-0

[Event "*** Titled Tuesday Blitz"]
[Site "Chess.com"]
[Date "2021.04.27"]
[Round "2"]
[White "BrandonJacobson"]
[Black "AungTZ"]
[Result "1-0"]
[WhiteElo "2942"]
[BlackElo "2154"]
[TimeControl "180+1"]
[EndTime "10:16:43 PDT"]
[Termination "BrandonJacobson won by checkmate"]

1. d4 Nf6 2. c4 e6 3. Nf3 b6 4. g3 Ba6 5. Qc2 c5 6. d5 exd5 7. cxd5 Bb7 8. Bg2 Bxd5 9. Nc3 Bb7 10. e4 d6 11. O-O Be7 12. Nh4 Nc6 13. Nf5 O-O 14. Rd1 Re8 15. Bg5 h6 16. Nxe7+ Qxe7 17. Nd5 Qe6 18. Bxf6 gxf6 19. Nc7 Qe7 20. Nxa8 Bxa8 21.
Qd2 Kg7 22. Qxd6 Nd4 23. Qxe7 Rxe7 24. e5 Bxg2 25. exf6+ Kxf6 26. Kxg2 Re2 27. Rab1 Nc2 28. Kf1 Re6 29. Rbc1 Nd4 30. b4 Re5 31. bxc5 bxc5 32. Rc4 Ke6 33. Ra4 Nf3 34. Ra6+ Kf5 35. Rxa7 f6 36.
h3 Ng5 37. Kg2 Re2 38. Rd5+ Kg6 39. h4 Ne6 40. h5# 1-0

[Event "*** Titled Tuesday Blitz"]
[Site "Chess.com"]
[Date "2021.04.27"]
[Round "2"]
[White "Love_craft"]
[Black "dretch"]
[Result "0-1"]
[WhiteElo "2551"]
[BlackElo "2804"]
[TimeControl "180+1"]
[EndTime "10:16:46 PDT"]
[Termination "dretch won by checkmate"]

1. d4 d5 2. c4 c6 3. Nd2 Nf6 4. Ngf3 Bf5 5. e3 e6 6. Be2 h6 7.
O-O Nbd7 8. b3 Bd6 9. Bb2 Qb8 10. Re1 O-O 11. h3 Rd8 12. Rc1 a5 13. a3 Ne4 14.
Nh4 Bh2+ 15. Kf1 Nxf2 16. Kxf2 Qg3+ 17. Kf1 Qxe3 18. Nhf3 Bg3 19. Ne4 dxe4 20. Qd3 Qf2# 0-1

[Event "*** Titled Tuesday Blitz"]
[Site "Chess.com"]
[Date "2021.04.27"]
[Round "2"]
[White "SHIVACalypso"]
[Black "FMalexhdez"]
[Result "1-0"]
[WhiteElo "2468"]
[BlackElo "2266"]
[TimeControl "180+1"]
[EndTime "10:16:46 PDT"]
[Termination "SHIVACalypso won by resignation"]

1. Nf3 d5 2. c4 c6 3. d4 Nf6 4. Nc3 g6 5. g3 Bg7 6. Bg2 O-O 7. O-O a6 8. cxd5 cxd5 9. Bf4 Nc6 10. Ne5 Bf5 11. Rc1 Rc8 12. Nxc6 Rxc6 13. Qb3 Ne4 14. Nxd5 Rxc1 15. Rxc1 Bxd4 16. Rd1 Bxf2+ 17. Kf1 Be6 18. Bxe4 Ba7 19. Bh6 Re8 20. Nf6+ exf6 21. Rxd8 Rxd8 22. Qxb7 Bh3+ 23. Ke1 Bc5 24. Bd5 1-0

[Event "*** Titled Tuesday Blitz"]
[Site "Chess.com"]
[Date "2021.04.27"]
[Round "2"]
[White "Jenia84"]
[Black "zurzan"]
[Result "1/2-1/2"]
[WhiteElo "2350"]
[BlackElo "2014"]
[TimeControl "180+1"]
[EndTime "10:16:47 PDT"]
[Termination "Game drawn by repetition"]

1. e4 g6 2. d4 c6 3. Bf4 d5 4.
Nd2 dxe4 5. Nxe4 Nf6 6. Nxf6+ exf6 7. Qd2 Be6 8. Be2 Qb6 9. c3 Bg7 10. Nf3 O-O 11. O-O Nd7 12. b3 Rae8 13. Rfe1 Bg4 14.
Bh6 Bxf3 15. Bxf3 Bxh6 16. Qxh6 f5 17. h4 c5 18. dxc5 Nxc5 19. Bd5 Nd3 20. Rf1 Re2 21.
h5 Rxf2 22. Rxf2 Qxf2+ 23. Kh1 Qh4+ 24. Kg1 Qf2+ 25. Kh1 Qh4+ 26. Kg1 Qf2+ 1/2-1/2

[Event "*** Titled Tuesday Blitz"]
[Site "Chess.com"]
[Date "2021.04.27"]
[Round "2"]
[White "rasmussvane"]
[Black "Marty435"]
[Result "1-0"]
[WhiteElo "2916"]
[BlackElo "2593"]
[TimeControl "180+1"]
[EndTime "10:16:48 PDT"]
[Termination "rasmussvane won on time"]

1. Nf3 d5 2. g3 g6 3. d4 Bg7 4. Bg2 c6 5. O-O Nf6 6. c4 dxc4 7. a4 Ne4 8. Qc2 Nd6 9. e4 Na6 10. Na3 Nb4 11. Qc3 a5 12. e5 Nf5 13. g4 Nxd4 14. Nxd4 Bxe5 15. Nxc6 Bxc3 16. Nxd8 Bd4 17. Nxb7 O-O 18. Nxc4 Bxg4 19. Nbxa5 Ra6 20. Be3 Bxe3 21. fxe3 Be2 22. Rf2 Bd3 23. Bf1 Bxf1 24. Raxf1 Rfa8 25. Rxf7 Rxa5 26. Nxa5 Rxa5 27. Rxe7 Rxa4 28. Re4 Kg7 29. b3 Ra2 30. Rxb4 h5 31. Rf2 Kh6 32. Rxa2 1-0

[Event "*** Titled Tuesday Blitz"]
[Site "Chess.com"]
[Date "2021.04.27"]
[Round "2"]
[White "Gloomy_Wanderer"]
[Black "gonzaga23"]
[Result "1-0"]
[WhiteElo "2712"]
[BlackElo "2500"]
[TimeControl "180+1"]
[EndTime "10:16:48 PDT"]
[Termination "Gloomy_Wanderer won by resignation"]

1. d4 Nf6 2. Nf3 g6 3. c4 Bg7 4. g3 d6 5. Bg2 O-O 6. O-O Nbd7 7. Nc3 e5 8. e4 a6 9. Qc2 Rb8 10. Rd1 Re8 11. Be3 b5 12. dxe5 Nxe5 13. Nxe5 Rxe5 14.
Bd4 Re8 15. e5 Nd7 16. exd6 Bxd4 17. Rxd4 bxc4 18. dxc7 Qxc7 19. Nd5 Qe5 20. Re4 Bb7 21. Rxe5 Rxe5 22. Nc3 Nc5 23. Bxb7 Rxb7 24. Rd1 Nd3 25. b3 Ne1 26. Qc1 Nd3 27. Qh6 Rbe7 28. bxc4 Rh5 29.
Qd2 1-0

[Event "*** Titled Tuesday Blitz"]
[Site "Chess.com"]
[Date "2021.04.27"]
[Round "2"]
[White "jraosam"]
[Black "Piotrek1979"]
[Result "1-0"]
[WhiteElo "1862"]
[BlackElo "2330"]
[TimeControl "180+1"]
[EndTime "10:16:48 PDT"]
[Termination "jraosam won by resignation"]

1. c4 e6 2. d4 d5 3. Nf3 Nf6 4. e3 b6 5. cxd5 exd5 6. Nbd2 Bd6 7. b3 O-O 8. Bd3 Re8 9. O-O Bb7 10. Bb2 Nbd7 11. Rc1 a6 12. Qe2 Ne4 13. Rfd1 f5 14. Nf1 Qe7 15. Qc2 g5 16. Ne5 c5 17. Nxd7 Qxd7 18. dxc5 bxc5 19. f3 Qe6 20. fxe4 fxe4 21. Be2 Rf8 22. Qc3 d4 23. Bc4 dxc3 24. Bxe6+ Rf7 1-0

[Event "*** Titled Tuesday Blitz"]
[Site "Chess.com"]
[Date "2021.04.27"]
[Round "2"]
[White "Grandmaster1369"]
[Black "exoticprincess"]
[Result "0-1"]
[WhiteElo "2594"]
[BlackElo "2925"]
[TimeControl "180+1"]
[EndTime "10:16:49 PDT"]
[Termination "exoticprincess won on time"]

1. e4 c6 2. d4 d5 3. Nd2 dxe4 4. Nxe4 Bf5 5. Ng3 Bg6 6. h4 h6 7. Nf3 Nd7 8. h5 Bh7 9. Bd3 Bxd3 10. Qxd3 e6 11. Bd2 Ngf6 12. O-O-O Qb6 13. Ne4 Nxe4 14. Qxe4 Qb5 15. Be3 Nf6 16. Qd3 Qxd3 17. Rxd3 a5 18. Ne5 a4 19. c4 Be7 20. g4 O-O 21. g5 hxg5 22. Bxg5 Nd5 23. Bd2 Nb4 24. Bxb4 Bxb4 25. c5 Rad8 26. Rg1 f6 27. Ng6 Rfe8 28. h6 Rd7 29.
Rh3 gxh6 30. Rxh6 Rg7 0-1

[Event "*** Titled Tuesday Blitz"]
[Site "Chess.com"]
[Date "2021.04.27"]
[Round "2"]
[White "pavelalexandru07"]
[Black "canary2016"]
[Result "1-0"]
[WhiteElo "2355"]
[BlackElo "1984"]
[TimeControl "180+1"]
[EndTime "10:16:49 PDT"]
[Termination "pavelalexandru07 won by checkmate"]

1. e4 c5 2. Nf3 d6 3. d4 cxd4 4. Nxd4 Nf6 5. Nc3 a6 6. Bg5 e6 7. f4 h6 8. Bh4 Qb6 9. a3 Be7 10. Bf2 Qc7 11. Bd3 O-O 12. Qe2 b5 13. O-O-O Bb7 14.
g4 Nbd7 15. h4 Nc5 16. g5 Nxd3+ 17. Rxd3 Nd7 18. gxh6 gxh6 19. Rg1+ Kh7 20. Rdg3 Rg8 21. Qh5 Nf6 22. Qxf7+ Kh8 23. Nxe6 Qd7 24. Rxg8+ Rxg8 25. Rxg8+ Nxg8 26. Bd4+ Bf6 27. Qxd7 Bxd4 28. Nxd4 Bxe4 29. Nxe4 Nf6 30. Nxf6 h5 31. Qh7# 1-0

[Event "*** Titled Tuesday Blitz"]
[Site "Chess.com"]
[Date "2021.04.27"]
[Round "2"]
[White "nrvignesh"]
[Black "AleksanderHnydiuk"]
[Result "1-0"]
[WhiteElo "2788"]
[BlackElo "2542"]
[TimeControl "180+1"]
[EndTime "10:16:51 PDT"]
[Termination "nrvignesh won by resignation"]

1. g3 d5 2. Bg2 e5 3. c4 dxc4 4.
Qa4+ Bd7 5. Qxc4 Bc6 6. Bxc6+ Nxc6 7. Nf3 Nf6 8. Nc3 Bd6 9. d3 h6 10. Be3 O-O 11. O-O Qd7 12. Kg2 Rfe8 13. Ne4 Nxe4 14. dxe4 Qe6 15. Qxe6 Rxe6 16. Rac1 Rd8 17. Rfd1 Re7 18.
Rd5 Red7 19. Rb5 Nd4 20. Rxb7 Nxe2 21. Rc2 Nd4 22. Nxd4 exd4 23. Bxd4 Bxg3 24. hxg3 Rxd4 25. Rcxc7 Rxe4 26. Rxf7 Rg4 27. Rxa7 Rd2 28. b3 Rxa2 29. Rxg7+ Rxg7 30. Rxa2 Rb7 31. Rb2 Rb4 32. Kf3 Kf7 33. Ke3 Ke6 34. Kd3 Kf5 35. Kc3 Rb8 36. b4 1-0

[Event "*** Titled Tuesday Blitz"]
[Site "Chess.com"]
[Date "2021.04.27"]
[Round "2"]
[White "masteryoungK"]
[Black "dozer80"]
[Result "0-1"]
[WhiteElo "2414"]
[BlackElo "2660"]
[TimeControl "180+1"]
[EndTime "10:16:51 PDT"]
[Termination "dozer80 won by resignation"]

1. Nf3 c5 2. g3 Nc6 3. Bg2 g6 4. O-O Bg7 5. c4 Nh6 6. Nc3 Nf5 7. Rb1 O-O 8. a3 a5 9. e3 d6 10. d4 cxd4 11. exd4 Nfxd4 12. Nxd4 Nxd4 13. Be3 Nc6 14. Nd5 Bf5 15. Bb6 Qd7 16. Qa4 Bxb1 17. Rxb1 e6 18. Ne3 Ra6 19. Qb5 Ne5 20. Bd4 Qxb5 21.
cxb5 Raa8 22. Bxb7 Rab8 23. Bg2 Rxb5 24. Bc3 Nf3+ 25. Bxf3 Bxc3 26. b3 Rfb8 27. Bd1 d5 28.
Kf1 Bd4 29. Ng4 h5 30. Ne3 Rc5 31. Nc2 Be5 32. b4 axb4 33. Nxb4 Rc3 34. Ra1 Bd6 35.
Nc2 Rb2 36. Ke2 Rcxc2+ 0-1

[Event "*** Titled Tuesday Blitz"]
[Site "Chess.com"]
[Date "2021.04.27"]
[Round "2"]
[White "ljuks68"]
[Black "levallem"]
[Result "1-0"]
[WhiteElo "2456"]
[BlackElo "2247"]
[TimeControl "180+1"]
[EndTime "10:16:54 PDT"]
[Termination "ljuks68 won by resignation"]

1. e4 d5 2. exd5 Qxd5 3. Nc3 Qa5 4. d4 c6 5. Bc4 Nf6 6. Bd2 Qc7 7. Qe2 e6 8. O-O-O Bd6 9. Nf3 b5 10. Bd3 a5 11.
Rhe1 O-O 12. Ne5 b4 13. Ne4 Nxe4 14. Qxe4 f5 15. Qh4 Bxe5 16. Rxe5 Bd7 17. Bc4 Qd6 18.
Rde1 Rf6 19. Bg5 Rg6 20. Rxf5 Na6 21. Be7 Qc7 22. Rfe5 Rh6 23. Qe4 Rxh2 24. Bxa6 Rxa6 25. Qf4 Ra8 26. Qxh2 a4 27. Bxb4 Qb7 28. a3 Rf8 29. Bxf8 1-0

[Event "*** Titled Tuesday Blitz"]
[Site "Chess.com"]
[Date "2021.04.27"]
[Round "2"]
[White "jacky72"]
[Black "Willhaven3"]
[Result "1-0"]
[WhiteElo "2714"]
[BlackElo "2500"]
[TimeControl "180+1"]
[EndTime "10:16:55 PDT"]
[Termination "jacky72 won by resignation"]

1. d4 Nf6 2. c4 e6 3. Nf3 d5 4.
Nc3 dxc4 5. e3 a6 6. Bxc4 b5 7. Bb3 Bb7 8. O-O Bd6 9. e4 b4 10. e5 bxc3 11. exf6 Qxf6 12. bxc3 Nd7 13. Re1 O-O 14.
Ng5 Bd5 15. Ne4 Qg6 16. Bc2 f5 17. Ng3 Nf6 18. Qd3 Ne4 19. c4 Bb7 20. c5 Bxg3 21. hxg3 Bd5 22. Bf4 c6 23. Rab1 Bxa2 24. Rb7 Bd5 25. Be5 Rf7 26. Reb1 Raf8 27. Qxa6 Nd2 28. Rxf7 Rxf7 29. Rb8+ Rf8 30. Rb7 Nc4 31. Rxg7+ Qxg7 32. Bxg7 Kxg7 33. Bb3 Rf7 34. Bxc4 1-0

[Event "*** Titled Tuesday Blitz"]
[Site "Chess.com"]
[Date "2021.04.27"]
[Round "2"]
[White "ukchessbomber"]
[Black "Andrakhanova"]
[Result "1-0"]
[WhiteElo "2510"]
[BlackElo "2284"]
[TimeControl "180+1"]
[EndTime "10:16:55 PDT"]
[Termination "ukchessbomber won by resignation"]

1. Nf3 d5 2. g3 c6 3. Bg2 e6 4. O-O Nf6 5. b3 Bd6 6. Bb2 Nbd7 7.
d3 O-O 8. Nbd2 Qc7 9. e4 b6 10.
Re1 e5 11. exd5 cxd5 12. c4 Bb7 13. cxd5 Bxd5 14. Nc4 Rfe8 15. Rc1 Qb8 16. Ne3 Bb7 17. Nf5 Bc5 18. Nxe5 Bxg2 19. Nxd7 Nxd7 20. Kxg2 Qb7+ 21. Qf3 Qxf3+ 22. Kxf3 f6 23. d4 Bb4 24. Rxe8+ Rxe8 25. Rc7 Rd8 26. a3 Bf8 27. Rxa7 g6 28. Ne3 Nb8 29.
Ng4 Bg7 30. d5 Nd7 31. d6 h5 32. Ne3 b5 33. Nd5 Ne5+ 34. Bxe5 fxe5 35. Ne7+ Kh7 36. d7 Bf6 37. Nc6 Rf8 38. d8=Q+ 1-0